Map: Amygdala

Players

LiquidClem (Clem)

  • Race: Protoss Protoss
  • League: Grandmaster
  • Spawn Location: 7:00

gumiho - Winner!

  • Race: Terran Terran
  • Spawn Location: 1:00

Event: HomeStory Cup XXVI

VOD

Have the link to the VOD?

Description

Time

  • Played on: Dec. 1, 2024, 6:38 p.m.
  • Length: 12:51

All games in this series

Show
View Real Time Build Order
Export as new Build Order

LiquidClem Protoss 

Build Orders: 1 Gate Expand, Blink Stalkers 

Get SALT Encoding   

  12  0:00  Probe  
  13  0:12  Probe  
  14  0:16  Pylon  
  14  0:23  Probe  
  15  0:31  Probe  
  16  0:35  Gateway  
  16  0:39  Probe  
  16  0:44  Assimilator  
  17  0:50  Probe  
  18  1:03  Probe  
  19  1:15  Probe  
  20  1:22  Cybernetics Core  
  20  1:29  Nexus  
  20  1:36  Pylon  
  20  1:39  Probe  
  21  1:46  Assimilator, Stalker  
  21  1:51  Probe  
  24  2:02  Warp Gate  
  24  2:03  Probe  
  25  2:09  Stalker  
  25  2:15  Probe  
  27  2:27  Probe  
  28  2:38  Probe  
  28  2:39  Probe  
  28  2:42  Twilight Council  
  30  2:47  Adept, Probe  
  33  2:55  Probe  
  33  2:57  Probe  
  34  2:58  Blink  
  35  3:06  Gateway  
  35  3:07  Probe  
  35  3:10  Probe  
  36  3:20  Probe  
  36  3:22  Probe  
  38  3:32  Probe  
  38  3:33  Robotics Facility  
  39  3:34  Probe  
  40  3:43  Gateway  
  40  3:44  Probe  
  40  3:47  Probe  
  42  3:52  Pylon  
  42  3:53  Stalker  
  44  3:56  Probe  
  44  3:59  Probe  
  46  4:12  Stalker  
  46  4:14  Observer, Pylon  
  46  4:16  Probe  
  49  4:22  Nexus  
  50  4:26  Probe  
  50  4:28  Probe  
  50  4:29  Assimilator, Observer  
  52  4:34  Stalker  
  55  4:39  Probe  
  55  4:41  Charge, Pylon, Probe  
  55  4:44  Stalker  
  59  4:51  Probe  
  60  4:53  Observer, Probe  
  60  4:56  Observer  
  60  4:59  Forge  
  61  5:00  Observer  
  61  5:03  Probe  
  61  5:05  Probe  
  63  5:08  Stalker  
  63  5:13  Observer  
  66  5:15  Probe  
  66  5:16  Gateway  
  66  5:17  Protoss Ground Weapons Level 1  
  66  5:20  Gateway  
  67  5:27  Probe  
  69  5:33  Probe  
  69  5:34  Probe  
  69  5:39  Probe  
  69  5:41  Gateway  
  70  5:43  Gateway, Zealot x2  
  70  5:46  Zealot  
  70  5:48  Shield Battery  
  70  5:49  Probe  
  77  5:50  Probe  
  77  5:54  Probe  
  79  6:01  Pylon  
  79  6:03  Zealot x2  
  83  6:11  Gateway, Zealot  
  83  6:14  Gateway  
  83  6:19  Zealot  
  83  6:20  Probe  
  83  6:21  Probe x2  
  83  6:23  Zealot  
  83  6:25  Zealot x2  
  90  6:27  Immortal  
  70  6:34  Zealot  
  70  6:36  Zealot  
  70  6:39  Zealot, Sentry  
  73  6:45  Zealot  
  73  6:46  Zealot x2  
  73  7:03  Nexus  
  73  7:04  Pylon  
  73  7:11  Pylon  
  71  7:16  Zealot x3  
  71  7:19  Zealot x2  
  71  7:22  Zealot  
  67  7:25  Zealot  
  69  7:30  Zealot, Sentry  
  69  7:36  Stalker  
  57  7:37  Stalker  
  57  7:41  Zealot  
  57  7:42  Zealot  
  63  7:45  Protoss Ground Weapons Level 2  
  63  7:46  Zealot  
  63  7:48  Zealot  
  63  7:50  Sentry  
  69  7:54  Sentry  
  69  7:55  Zealot  
  71  8:01  Zealot x2  
  71  8:05  Probe x2  
  69  8:07  Observer  
  69  8:13  Stalker x2  
  69  8:18  Stalker  
  75  8:21  Probe  
  75  8:22  Probe  
  75  8:23  Probe  
  78  8:33  Zealot x2  
  82  8:35  Zealot  
  82  8:40  Robotics Bay  
  74  8:52  Stalker x2  
  74  8:53  Zealot x2  
  71  8:59  Sentry x2  
  71  9:00  Zealot x2  
  75  9:06  Zealot  
  77  9:14  Nexus  
  77  9:18  Observer  
  77  9:19  Assimilator  
  77  9:22  Colossus  
  73  9:24  Zealot x4  
  73  9:31  Extended Thermal Lance  
  87  9:45  Pylon  
  87  9:47  Pylon  
  87  9:49  Zealot  
  87  9:50  Zealot  
  91  9:57  Pylon  
  91  9:59  Zealot  
  93  10:04  Zealot x3  
  99  10:12  Colossus  
  99  10:14  Sentry  
  99  10:15  Sentry x2  
  105  10:22  Zealot x3  
  105  10:27  Zealot  
  95  10:31  Stalker  
  87  10:39  Zealot x4  
  85  10:43  Observer  
  85  10:44  Stalker  
  85  10:48  Probe x3  
  85  10:49  Probe  
  89  10:53  Sentry  
  87  10:59  Sentry  
  87  11:00  Zealot x3, Probe  
  96  11:05  Observer  
  96  11:06  Shield Battery, Colossus  
  96  11:13  Stalker x3  
  102  11:21  Shield Battery  
  102  11:23  Probe  
  103  11:26  Probe x2  
  104  11:33  Probe, Pylon  
  104  11:35  Probe  
  104  11:36  Zealot  
  104  11:39  Zealot  
  108  11:42  Zealot  
  108  11:43  Zealot  
  112  11:49  Zealot x2  
  116  11:56  Stalker x3  
  116  11:59  Stalker  
  123  12:08  Zealot x3  
  111  12:14  Zealot x2  
  103  12:20  Zealot x3  
  83  12:23  Stalker  
  83  12:28  Stalker x2  
  77  12:31  Zealot  
  77  12:35  Zealot x2  
  70  12:42  Zealot x3  
Show
View Real Time Build Order
Export as new Build Order

gumiho Terran - Winner!

Build Orders: Cyclone Opening 

Get SALT Encoding   

  12  0:00  SCV  
  13  0:12  SCV  
  14  0:18  Supply Depot  
  14  0:24  SCV  
  15  0:40  SCV, Barracks  
  16  0:46  Refinery  
  16  0:52  SCV  
  16  0:56  Refinery  
  17  1:04  SCV  
  18  1:16  SCV  
  19  1:27  Reaper  
  19  1:28  Orbital Command  
  20  1:46  Factory  
  20  1:47  Supply Depot  
  20  1:54  SCV  
  21  2:06  SCV  
  22  2:18  SCV  
  22  2:20  Command Center  
  23  2:29  Factory Tech Lab  
  23  2:30  SCV  
  23  2:34  Barracks  
  24  2:43  SCV  
  24  2:44  Supply Depot  
  25  2:49  Cyclone  
  28  2:55  SCV  
  29  3:01  Barracks  
  29  3:07  SCV  
  30  3:20  SCV  
  30  3:21  Siege Tank  
  30  3:23  Barracks Reactor  
  30  3:25  Barracks Reactor  
  34  3:33  SCV  
  35  3:35  Barracks  
  35  3:49  Barracks Tech Lab, SCV  
  35  3:52  Supply Depot  
  35  3:53  Orbital Command  
  36  3:55  Siege Tank  
  36  4:01  Marine x2  
  36  4:02  Marine  
  42  4:05  Marine  
  42  4:08  SCV  
  44  4:13  Marine  
  44  4:15  Stimpack  
  45  4:20  SCV  
  45  4:21  SCV  
  45  4:23  Marine  
  45  4:24  Barracks Tech Lab, Marine  
  48  4:26  Marine  
  50  4:33  Siege Tank  
  50  4:36  Supply Depot  
  50  4:37  SCV  
  55  4:38  SCV  
  55  4:42  Combat Shield  
  55  4:46  Marine x2  
  55  4:47  Marine  
  55  4:48  Marine  
  55  4:50  Marine  
  55  4:51  Marine  
  61  4:54  SCV  
  61  4:58  SCV  
  61  4:59  Supply Depot  
  63  5:02  Supply Depot  
  63  5:05  Siege Tank  
  66  5:08  Marine  
  66  5:09  Marine  
  66  5:12  Marine  
  66  5:13  Marine  
  70  5:20  Supply Depot, Marine x2  
  72  5:22  SCV  
  72  5:26  Marine  
  74  5:28  Marine  
  74  5:30  Marine  
  74  5:31  Marine  
  77  5:38  Siege Tank, Marine x2  
  81  5:43  SCV x2  
  81  5:44  Marine  
  81  5:46  Marine  
  81  5:48  Marine  
  81  5:49  Marine  
  87  5:52  Supply Depot  
  87  5:57  Marine x2  
  85  6:02  Marine  
  87  6:04  SCV, Marine  
  87  6:06  Marine  
  87  6:07  Marine  
  87  6:09  Supply Depot  
  89  6:21  Starport  
  89  6:29  Marine  
  89  6:30  Marine  
  89  6:31  Siege Tank, Marine x2  
  82  6:35  Marine x2  
  82  6:37  SCV x2  
  82  6:45  Engineering Bay  
  82  6:46  Marine  
  82  6:49  SCV x2  
  82  6:53  Marine x2  
  89  6:56  Refinery  
  89  6:57  Refinery  
  87  7:03  SCV x2  
  87  7:06  Siege Tank  
  87  7:07  Marine x2  
  94  7:09  Medivac, Barracks Reactor  
  90  7:19  Marine x2  
  90  7:20  Medivac  
  90  7:25  Marine x2  
  88  7:36  Marine  
  88  7:37  SCV x2, Marine  
  75  7:38  Terran Infantry Weapons Level 1  
  75  7:43  Marine x2  
  81  7:45  Marine x2  
  83  7:54  Marine x2  
  79  7:59  Command Center  
  79  8:00  Marine x2  
  79  8:02  Marine  
  79  8:03  Marine  
  78  8:12  Marine x2  
  76  8:19  Marauder  
  79  8:20  SCV x2, Marine x2  
  79  8:24  Medivac x2  
  86  8:31  Marauder  
  86  8:33  SCV  
  86  8:34  SCV  
  89  8:36  Barracks  
  89  8:37  Armory  
  89  8:38  Marine, Engineering Bay, Barracks  
  90  8:46  SCV  
  83  8:52  Marauder  
  83  8:53  Marauder x2  
  84  8:56  Marine x2  
  86  9:04  Widow Mine  
  86  9:06  Medivac x2  
  86  9:09  Concussive Shells  
  90  9:14  Orbital Command, Marine x2, Marauder x2  
  95  9:20  Marine  
  92  9:25  SCV x2  
  94  9:32  Marine, Marauder, Widow Mine x2  
  94  9:33  Barracks Tech Lab, Barracks Reactor  
  94  9:35  Marine, Marauder  
  104  9:39  Marine  
  104  9:41  SCV x2  
  107  9:46  Missile Turret  
  107  9:48  Terran Infantry Weapons Level 2  
  107  9:51  Supply Depot x2  
  107  9:52  Marine x2  
  107  9:53  Marine x2  
  107  9:54  Supply Depot  
  111  10:01  Refinery, Terran Infantry Armor Level 1  
  111  10:02  Marauder  
  111  10:03  Supply Depot, Marine  
  114  10:10  Marine  
  114  10:11  Marine x2, Marauder  
  114  10:12  Marine  
  120  10:15  Marine  
  120  10:17  Supply Depot  
  120  10:20  Marine  
  117  10:23  Marine  
  117  10:28  Marine  
  102  10:29  Marine, Marauder x2  
  102  10:32  Marauder  
  102  10:34  Marine  
  101  10:41  Marauder  
  101  10:46  Viking x2  
  101  10:49  Marine  
  102  10:51  Marauder x2  
  102  10:54  Marauder  
  102  10:55  Marine x3  
  107  11:03  Marauder  
  109  11:06  Marine  
  109  11:10  Widow Mine x2  
  114  11:12  Marauder  
  114  11:13  Marine, Marauder  
  119  11:20  Viking  
  119  11:21  Viking  
  123  11:26  Supply Depot  
  123  11:28  Marauder  
  125  11:35  SCV x3  
  125  11:37  Marine, Marauder  
  125  11:38  Marine  
  125  11:39  Marine  
  131  11:45  Marine x2, Marauder  
  136  11:54  Viking  
  138  11:56  Viking  
  138  11:58  Marine, Marauder  
  134  12:12  Marauder x2  
  128  12:20  Marauder x2  
  112  12:27  Widow Mine x2  
Tags
 
Add a new tag
Caveats
  • Supply blocks, unpowered buildings, or Contaminate may cause inaccurate times.
  • Supply counts are checked every 10 seconds.